Unix NetHack Version 3.7.0-50 Work-in-progress - last build Feb 16 2022 05:10:45. Game began 2022-02-16 16:52:37, ended 2022-02-16 16:59:10. Gandelf, neutral male human Monk ----- |<..--- |.....---|.. .|....|.- -.....---- ......| ....| ..| ..| -a| |@| --- Gandelf the Novice St:18/02 Dx:12 Co:12 In:10 Wi:11 Ch:10 Neutral S:861 Dlvl:6 $:25 HP:0(32) Pw:19(19) AC:4 Xp:4/135 T:770 Hungry Latest messages: In what direction? j As you kick the door, it crashes open! You see here a plate mail. You have a little trouble lifting a plate mail. Continue? [ynq] (q) n That door is closed. The door opens. You hear the chime of a cash register. You kill the gecko! You see here a scroll labeled NR 9. u - a scroll labeled NR 9. You descend the stairs. The gnome hits! You descend the stairs. You hit the gnome lord! You kill the gnome lord! You see here 3 darts. You hit the gnome lord! The gnome lord hits! You kill the gnome lord! v - 3 darts. You see here a gnome lord corpse. You are hit by a dagger. You kill the gnome! You kill the hobbit! The gnome hits! You kill the gnome! You are beginning to feel hungry. You descend the stairs. You miss the fire ant. You hit the fire ant! The fire ant bites! The fire ant bites! You're on fire! The fire ant just misses! The fire ant bites! What do you want to write with? [- jpv or ?*] - You write in the dust with your fingertip. What do you want to write in the dust here? ELBERETH The fire ant turns to flee. The giant rat turns to flee. The giant rat turns to flee. The fire ant turns to flee. The giant rat turns to flee. You hit the fire ant! You miss the fire ant. The fire ant bites! The fire ant bites! You're on fire! You die... Do you want your possessions identified? [ynq] (y) q Major events: Turn 1: Gandelf the neutral male human Monk entered the dungeon 39: entered new level 2, The Dungeons of Doom 41: killed for the first time 248: gained experience level 2 251: became literate by engraving "spike" 315: entered a shop 320: attained the rank of Novice (level 3) 437: gained experience level 4 564: entered new level 3, The Dungeons of Doom 701: entered new level 1, The Gnomish Mines 701: entered the Gnomish Mines 702: entered new level 2, The Gnomish Mines 729: entered new level 3, The Gnomish Mines Inventory: Coins $ - 25 gold pieces Weapons v - 3 +1 darts Armor a - an uncursed +2 pair of leather gloves (being worn) b - an uncursed +1 robe (being worn) Comestibles g - 6 uncursed apples f - 3 uncursed food rations i - 3 uncursed fortune cookies r - 2 uncursed fortune cookies h - 5 uncursed oranges k - 2 uncursed lichen corpses Scrolls q - a cursed scroll of confuse monster d - a blessed scroll of gold detection t - an uncursed scroll of identify u - an uncursed scroll of teleportation Spellbooks c - a blessed spellbook of protection s - an uncursed spellbook of remove curse Potions m - an uncursed potion of blindness e - 3 uncursed potions of healing l - a blessed potion of speed Wands p - a wand of light (0:13) Tools j - a magic marker (0:74) Gandelf the Monk's attributes: Background: You were a Novice, a level 4 male human Monk. You were neutral, on a mission for Chih Sung-tzu who was opposed by Shan Lai Ching (lawful) and Huan Ti (chaotic). You were in the Gnomish Mines, on level 6. You entered the dungeon 770 turns ago. There was a full moon in effect when your adventure ended. You had 135 experience points, 25 more were needed to attain level 5. Your score was 861 before end-of-game adjustments. Basics: You had 0 out of 32 hit points. You had all 19 energy points (spell power). Your armor class was 4. Your wallet contained 25 zorkmids. Autopickup was off. Final Characteristics: Your strength was 18/02 (limit:18/100). Your dexterity was 12 (limit:18). Your constitution was 12 (limit:18). Your intelligence was 10 (limit:18). Your wisdom was 11 (limit:18). Your charisma was 10 (limit:18). Final Status: You were hungry. You were unencumbered. You were empty handed. You had basic skill with martial arts. Final Attributes: You were fervently aligned. You were sleep resistant. You were poison resistant. You saw invisible. You were guarded. You were fast. You were lucky. You are dead. Miscellaneous: You encountered 1 bones level. Total elapsed playing time was 6 minutes and 33 seconds. Vanquished creatures: a large mimic 2 gnome leaders a coyote a hobbit 2 gnomes a gecko a fox a kobold a goblin a sewer rat a grid bug 3 lichens 2 newts 18 creatures vanquished. No species were genocided or became extinct. Voluntary challenges: You went without food. You were an atheist. You never hit with a wielded weapon. You read items or engraved 2 times. You engraved Elbereth 1 time. You never genocided any monsters. You never polymorphed an object. You never changed form. You used no wishes. Achievements: You entered a shop. You attained the rank of Novice. You entered the Gnomish Mines. The Dungeons of Doom: levels 1 to 3 Level 1: Level 2: A weapon shop. Level 3: Stairs down to The Gnomish Mines. The Gnomish Mines: levels 4 to 6 Level 4: Level 5: Level 6: <- You were here. Final resting place for you, killed by a fire ant, Mishka-Val-Dwa-Fem-Law, killed by a fire ant. Game over: ---------- / \ / REST \ / IN \ / PEACE \ / \ | Gandelf | | 25 Au | | killed by a fire | | ant | | | | | | 2022 | *| * * * | * _________)/\\_//(\/(/\)/\//\/|_)_______ Goodbye Gandelf the Monk... You died in The Gnomish Mines on dungeon level 6 with 859 points, and 25 pieces of gold, after 770 moves. You were level 4 with a maximum of 32 hit points when you died.